 Dungeon Crawl Stone Soup version 0.29.1-1-gd02db6906a (webtiles) character file.

Game seed: 15698746851842480737

2928 Zeld the Cleaver (level 9, 0/81 HPs)
             Began as a Minotaur Berserker on Oct 7, 2022.
             Was an Elder of Trog.
             Slain by Maggie
             ... wielding a +2 vorpal halberd
              (1 damage)
             ... on level 7 of the Dungeon.
             The game lasted 00:09:37 (7233 turns).

Zeld the Cleaver (Minotaur Berserker)               Turns: 7233, Time: 00:09:38

Health: 0/81       AC:  5    Str: 33    XL:     9   Next: 50%
Magic:  8/8        EV: 14    Int:  4    God:    Trog [****..]
Gold:   142        SH:  5    Dex: 10    Spells: 8/8 levels left

rFire   . . .      SeeInvis .   l - +3 trident "Hellblazer" {venom, rPois Str+7}
rCold   . . .      Faith    .   (no shield)
rNeg    . . .      Spirit   .   b - +0 animal skin
rPois   +          Reflect  +   (helmet restricted)
rElec   .          Harm     .   w - +0 cloak
rCorr   .          Rampage  .   (no gloves)
Will    .....                   n - +0 pair of boots
Stlth   +.........              c - amulet of reflection
HPRegen 0.23/turn               u - ring of flight
MPRegen 0.11/turn               (no ring)

@: flying, mesmerised
A: horns 2, retaliatory headbutt
a: Renounce Religion, Berserk, Trog's Hand, Brothers in Arms


You were on level 7 of the Dungeon.
You worshipped Trog.
Trog was greatly pleased with you.
You visited 2 branches of the dungeon, and saw 8 of its levels.
You also visited: Ossuary.

You collected 1200 gold pieces.
You spent 1058 gold pieces at shops.

Inventory:

Hand Weapons
 a - a +0 war axe
 l - the +3 trident "Hellblazer" (weapon) {venom, rPois Str+7}
   (You took it off a goblin on level 3 of the Dungeon)

   It poisons the flesh of those it strikes.
   Str:       It affects your strength (+7).
   rPois:     It protects you from poison.
Missiles
 f - 7 poisoned darts (quivered)
Armour
 b - a +0 animal skin (worn)
 n - a +0 pair of boots (worn)
 w - a +0 cloak (worn)
Jewellery
 c - an amulet of reflection (around neck)
 u - a ring of flight (left hand)
 A - an amulet of regeneration
 B - a +6 ring of strength
 H - a ring of protection from cold
Wands
 D - a wand of flame (13)
 F - a wand of iceblast (5)
Scrolls
 d - 6 scrolls of identify
 e - 4 scrolls of enchant armour
 g - 2 scrolls of poison
 h - a scroll of silence
 i - 3 scrolls of summoning
 m - 2 scrolls of enchant weapon
 o - 9 scrolls of teleportation
 q - 4 scrolls of blinking
 s - a scroll of fear
 t - a scroll of magic mapping
 y - 2 scrolls of immolation {unknown}
 E - a scroll of acquirement
 G - 2 scrolls of vulnerability {unknown}
Potions
 j - a potion of berserk rage {unknown}
 k - 3 potions of might {unknown}
 p - a potion of cancellation
 r - 2 potions of flight {unknown}
 v - a potion of attraction {unknown}
 x - a potion of ambrosia {unknown}
 z - a potion of heal wounds {unknown}
 C - 2 potions of lignification {unknown}


   Skills:
 + Level 7.9 Fighting
 * Level 10.7 Axes
 + Level 7.5 Armour
 + Level 6.8 Dodging


You had 8 spell levels left.
You didn't know any spells.
Your spell library was empty.

Dungeon Overview and Level Annotations

Branches:
Dungeon (7/15)             Temple (1/1) D:5         Ossuary (visited)

Altars:
Ashenzari
Cheibriados
Dithmenos
Elyvilon
Fedhas
Kikubaaqudgha
Nemelex Xobeh
Qazlal
Sif Muna
Trog
Uskayaw
Vehumet
Wu Jian
Zin
The Shining One

Shops:
D:2 ?   D:5 *

Annotations:
D:7 Maggie


Innate Abilities, Weirdness & Mutations

You have a pair of horns on your head.
You reflexively headbutt those who attack you in melee.


Message History

You reach to attack!
You barely miss Menkaure. You hit Menkaure.
You headbutt Menkaure, but do no damage.
Menkaure is moderately damaged.
You block Menkaure's attack.
Maggie gestures wildly while chanting.
Maggie attempts to bespell you! You resist with some effort.
You puncture Menkaure!
Menkaure is almost destroyed.
Menkaure calls on the powers of darkness!
Your body is wracked with pain!
Maggie convulses!
Maggie gestures wildly while chanting.
Maggie attempts to bespell you!
You are mesmerised by Maggie!
Menkaure hits you!
You are too mesmerised to rage.
You hit Menkaure.
You destroy Menkaure!
Trog accepts your kill.
Trog appreciates your killing of a magic user.
You can now call in reinforcements.
Unknown command.
You block Maggie's attack.
You hit Maggie.
Maggie is poisoned.
You headbutt Maggie!
Maggie is severely wounded.
Maggie drinks a potion.
Maggie is healed!
Maggie looks more healthy.
Okay, then.
You puncture Maggie!
Maggie looks as sick as possible!
Your headbutt misses Maggie.
Maggie is severely wounded.
Maggie gestures at you while chanting. The bolt of fire hits you!
* * * LOW HITPOINT WARNING * * *
Unknown command.
You are too mesmerised to rage.
You barely miss Maggie.
Maggie is severely wounded.
Maggie hits you with a +2 vorpal halberd!
* * * LOW HITPOINT WARNING * * *
You die...

.###......#.### # ...#
#.##.#...###.# #..# #.
#.#.......# #..# #
##.#....#### ..#
.#......^.... ...
............## #.#
#.#.........# #@# #
####...##### #@#
#.......# #.#
#...###.# #.####.###.#
#..####.# #..........#
#........ ######.#####
##.#....#
##.##.#########.#.####
#.#.............#.#
##.##.###########.#
#.##.# #.#


You could see Maggie (mesmerising, extremely poisoned).

Vanquished Creatures
  Prince Ribbit (D:6)
  The ghost of fireball365 the Magician, an amateur DgEE (D:5)
  Sigmund (D:5)
  2 wraiths (Ossuary)
  Menkaure (D:7)
  Edmund (D:5)
  A water moccasin (D:6)
  2 ogres
  A kobold brigand (D:7)
  A bullfrog (D:5)
  A necrophage (D:4)
  3 scorpions
  2 gnoll sergeants
  9 wights
  A howler monkey (D:5)
  A jelly (D:6)
  2 orc priests
  A hound (D:5)
  Crazy Yiuf (D:4)
  3 iguanas
  2 orc wizards
  Terence (D:3)
  6 adders
  9 gnolls
  A shadow imp (D:4)
  2 white imps (D:6)
  3 worms
  2 dart slugs (D:4)
  14 orcs
  4 endoplasms
  8 giant cockroaches
  5 goblins
  4 hobgoblins
  6 kobolds
  5 quokkas
  7 ball pythons
  2 ball python skeletons (Ossuary)
  4 bats
  3 frilled lizards
  A gnoll zombie (D:7)
  A goblin zombie (D:7)
  2 hobgoblin skeletons (Ossuary)
  A hobgoblin zombie (D:7)
  A kobold zombie (Ossuary)
  2 orc zombies (Ossuary)
  3 rats
135 creatures vanquished.

Vanquished Creatures (others)
  A kobold (D:7)
1 creature vanquished.

Grand Total: 136 creatures vanquished

Notes
Turn   | Place    | Note
-------+----------+-------------------------------------------
     0 | D:1      | Zeld the Minotaur Berserker began the quest for the Orb.
     0 | D:1      | Reached XP level 1. HP: 19/19 MP: 0/0
   822 | D:2      | Reached skill level 4 in Axes
   822 | D:2      | Reached XP level 2. HP: 27/27 MP: 1/1
  1005 | D:2      | Reached XP level 3. HP: 28/33 MP: 2/2
  1005 | D:2      | Found Iborphit's Magic Scroll Boutique.
  1054 | D:2      | Bought a scroll of identify for 26 gold pieces
  1054 | D:2      | Bought a scroll of identify for 26 gold pieces
  1054 | D:2      | Bought a scroll of identify for 26 gold pieces
  1531 | D:3      | Noticed Terence
  1537 | D:3      | Killed Terence
  1538 | D:3      | Reached XP level 4. HP: 39/40 MP: 3/3
  1902 | D:3      | Found Erer's Magic Scroll Shop.
  1907 | D:3      | Bought a scroll of identify for 28 gold pieces
  1907 | D:3      | Bought a scroll of identify for 28 gold pieces
  1922 | D:3      | Found a faded altar of an unknown god.
  1939 | D:3      | Identified the +3 trident "Hellblazer" {venom, rPois Str+7}
  2030 | D:3      | Reached skill level 5 in Axes
  2257 | D:3      | Reached XP level 5. HP: 47/47 MP: 4/4
  2382 | D:3      | Found a shimmering blue altar of Sif Muna.
  2423 | D:3      | Found an ornate altar of the Wu Jian Council.
  2492 | D:3      | Identified the amulet "Imoa" {Spirit rN+}
  2665 | D:3      | Bought a scroll of identify for 28 gold pieces
  2757 | D:4      | Found a snail-covered altar of Cheibriados.
  2780 | D:4      | Reached ** piety under Trog
  2960 | D:4      | Identified a scroll of acquirement
  2963 | D:4      | Acquired 761 gold pieces
  3015 | D:2      | Bought a scroll of teleportation for 39 gold pieces
  3015 | D:2      | Bought a scroll of enchant armour for 97 gold pieces
  3015 | D:2      | Bought 3 scrolls of blinking for 292 gold pieces
  3015 | D:2      | Bought a scroll of enchant armour for 97 gold pieces
  3078 | D:3      | Bought 3 scrolls of teleportation for 126 gold pieces
  3078 | D:3      | Bought a scroll of poison for 56 gold pieces
  3078 | D:3      | Bought a scroll of magic mapping for 105 gold pieces
  3078 | D:3      | Bought a scroll of teleportation for 42 gold pieces
  3208 | D:4      | Noticed an ogre
  3215 | D:4      | Killed an ogre
  3216 | D:4      | Reached skill level 6 in Axes
  3216 | D:4      | Reached XP level 6. HP: 55/55 MP: 5/5
  3279 | D:4      | Reached skill level 5 in Fighting
  3555 | D:4      | Found a runed translucent door.
  3556 | D:4      | Noticed Crazy Yiuf
  3561 | D:4      | Killed Crazy Yiuf
  3602 | D:5      | Entered Level 5 of the Dungeon
  3636 | D:5      | Reached XP level 7. HP: 55/61 MP: 6/6
  3810 | D:5      | Found Zin's Purification Station.
  3813 | D:5      | Found a glowing silver altar of Zin.
  3873 | D:3      | Bought a scroll of teleportation for 42 gold pieces
  3923 | D:5      | Found a runed translucent gate.
  3923 | D:5      | Found a runed translucent gate.
  3926 | D:5      | Found a runed translucent gate.
  3928 | D:5      | Noticed fireball365's ghost (amateur DgEE)
  3938 | D:5      | Reached skill level 7 in Axes
  4012 | D:5      | Noticed Edmund
  4016 | D:5      | Noticed Sigmund
  4017 | D:5      | Killed Edmund
  4018 | D:5      | Reached skill level 5 in Armour
  4027 | D:5      | Killed Sigmund
  4370 | D:5      | Reached skill level 8 in Axes
  4370 | D:5      | Reached skill level 5 in Dodging
  4370 | D:5      | Reached XP level 8. HP: 53/70 MP: 7/7
  4468 | D:5      | Found a staircase to the Ecumenical Temple.
  4477 | Temple   | Entered the Ecumenical Temple
  5065 | D:5      | Killed fireball365's ghost
  5398 | D:6      | Noticed Prince Ribbit
  5403 | D:6      | Killed Prince Ribbit
  5404 | D:6      | Reached skill level 9 in Axes
  6131 | D:6      | Reached *** piety under Trog
  6132 | D:6      | Reached XP level 9. HP: 58/79 MP: 8/8
  6492 | D:7      | Found an ancient bone altar of Kikubaaqudgha.
  6517 | D:7      | Reached skill level 10 in Axes
  6648 | D:7      | Found a sand-covered staircase.
  6658 | Ossuary  | Entered an ossuary
  7222 | D:7      | Noticed Menkaure
  7225 | D:7      | Noticed Maggie
  7229 | D:7      | Killed Menkaure
  7229 | D:7      | Reached **** piety under Trog
  7233 | D:7      | HP: 1/81 [Maggie/+2 vorpal halberd (16)]
  7233 | D:7      | Slain by Maggie

Illustrated notes

Levels and vault maps discovered:
D:1:      psy_arrival_dodecagon, layout_basic, serial_park_tiny_1
D:2:      layout_basic, serial_shops, shop
D:3:      layout_basic, mainiacjoe_overflow_six_doors_small,
          nicolae_wu_jian_wuxing_cycle, serial_shops, nicolae_shop_behind_doors,
          hellmonk_ecumenical_altar_arch_garden, hex_tiny, solitary_fountain,
          st_stairs_11, grunt_ministairs_7, uniq_terence
D:4:      minmay_clustersquares, layout_cave_pools,
          nicolae_overflow_hidden_temple, uniq_crazy_yiuf_cottage
D:5:      layout_gridville, zin_purify, temple_hall, ebering_ghost_rock_garden,
          sigmund_edmund_badplayer
D:6:      layout_cave_pods, serial_column_ruins, column_ruins_open_tiny,
          column_ruins_open_medium, column_ruins_grid_1,
          column_ruins_corridor_straight, column_ruins_columns_water,
          uniq_prince_ribbit1
D:7:      layout_loops_ring, nicolae_kikubaaqudgha_miasma_corner,
          enter_ossuary_3, uniq_maggie, uniq_menkaure
Temple:   chequers_temple_sunken

Skill      XL: |  1  2  3  4  5  6  7  8  9 |
---------------+----------------------------+-----
Axes           | 4 5 6 8 9 10 | 10.7
Fighting       | 4 5 6 7 |  7.9
Armour         | 3 4 5 6 7 |  7.5
Dodging        | 3 4 5 6 |  6.8

Action                   |  1- 3 |  4- 6 |  7- 9 || total
-------------------------+-------+-------+-------++-------
Melee: Hand axe          |    50 |     2 |       ||    52
       Headbutt          |     9 |    16 |    29 ||    54
       Punch             |     1 |       |     1 ||     2
       Trident           |       |    68 |   193 ||   261
       War axe           |       |     9 |       ||     9
Invok: Berserk           |     1 |     1 |     2 ||     4
  Use: Scroll            |     7 |     6 |       ||    13
 Stab: Sleeping          |       |       |     2 ||     2
Armor: Animal skin       |     8 |     6 |    17 ||    31
Dodge: Dodged            |    47 |    26 |    78 ||   151
Block: Other             |       |    16 |    33 ||    49
       Reflection        |       |       |     2 ||     2
